NYP
ROME BRAVES @ SALEM-KEIZER VOLCANOES
07/09/2044
 
TOP OF THE 1ST
Rome Braves batting - Pitching for Salem-Keizer Volcanoes : LHP Matt Bagnall
Pitching: LHP Matt Bagnall
Batting: LHB J.P. Olson 0-0: Called Strike
0-1: Ball
1-1: Swinging Strike
1-2: Ball
2-2: Strikes out swinging
Batting: RHB Brandon Burrell 0-0: Called Strike
0-1: Called Strike
0-2: Foul Ball, location: 2F
0-2: Ball
1-2: Foul Ball, location: 2F
1-2: SINGLE (Groundball, 6MD, EV 103.1 MPH)
Batting: RHB Ike Trout 0-0: Called Strike
0-1: Ball
1-1: Swinging Strike
1-2: Foul Ball, location: 2F
1-2: Ball
2-2: SINGLE (Line Drive, 5D, EV 111.3 MPH)
Brandon Burrell to second
Batting: RHB Jose Ramos 0-0: Fielders Choice at 2nd, 5-4 (Groundball, 56S, EV 83.1 MPH)
Brandon Burrell to third
Batting: LHB Mike Tenorio 0-0: Ball
1-0: Swinging Strike
1-1: Called Strike
1-2: Foul Ball, location: 2F
1-2: Foul Ball, location: 2F
1-2: Strikes out looking
Top of the 1st over - 0 runs, 2 hits, 0 errors, 2 left on base; Rome 0 - Salem-Keizer 0
BOTTOM OF THE 1ST
Salem-Keizer Volcanoes batting - Pitching for Rome Braves : RHP Brendan Graham
Pitching: RHP Brendan Graham
Batting: RHB Danny Gallo 0-0: Ball
1-0: SINGLE (Groundball, 56S, EV 68.1 MPH) (infield hit)
Batting: RHB Bill Defazio 0-0: Swinging Strike
0-1: Ball
1-1: Fielders Choice at 2nd, 3-6 (Groundball, 23, EV 82.5 MPH)
Batting: LHB Gil Caraveo 0-0: Called Strike
Bill Defazio steals 2nd base (no throw)
0-1: Fly out, F8 (Flyball, 8LD, EV 100.0 MPH)
Batting: LHB Ryan Anderson 0-0: Ball
1-0: Called Strike
1-1: Foul Ball, location: 2F
1-2: Ball
2-2: Foul Ball, location: 2F
2-2: Strikes out swinging
Bottom of the 1st over - 0 runs, 1 hit, 0 errors, 1 left on base; Rome 0 - Salem-Keizer 0
TOP OF THE 2ND
Rome Braves batting - Pitching for Salem-Keizer Volcanoes : LHP Matt Bagnall
Batting: RHB Alex Velasquez 0-0: Swinging Strike
0-1: Ground out U3 (Groundball, 34, EV 106.9 MPH)
Batting: RHB Tim Molchan 0-0: Called Strike
0-1: Ball
1-1: Swinging Strike
1-2: Strikes out looking
Batting: LHB Javier Rubio 0-0: Swinging Strike
0-1: Ball
1-1: Fly out, F3 (Line Drive, 3, EV 68.8 MPH)
Top of the 2nd over - 0 runs, 0 hits, 0 errors, 0 left on base; Rome 0 - Salem-Keizer 0
BOTTOM OF THE 2ND
Salem-Keizer Volcanoes batting - Pitching for Rome Braves : RHP Brendan Graham
Batting: RHB Justin Layton 0-0: Ball
1-0: Foul Ball, location: 2F
1-1: Ball
2-1: Ball
3-1: Foul Ball, location: 2F
3-2: Strikes out looking
Batting: RHB Ryan Bentz 0-0: Called Strike
0-1: Foul Ball, location: 2F
0-2: Strikes out swinging
Batting: RHB Alfredo Lemus 0-0: Called Strike
0-1: Ball
1-1: Called Strike
1-2: Strikes out swinging
Bottom of the 2nd over - 0 runs, 0 hits, 0 errors, 0 left on base; Rome 0 - Salem-Keizer 0
TOP OF THE 3RD
Rome Braves batting - Pitching for Salem-Keizer Volcanoes : LHP Matt Bagnall
Batting: LHB Joe Phillips 0-0: Ball
1-0: Ground out U3 (Groundball, 3S, EV 84.4 MPH)
Batting: LHB J.P. Olson 0-0: Ball
1-0: SINGLE (Flyball, 4D, EV 91.3 MPH)
Batting: RHB Brandon Burrell 0-0: Ball
1-0: Ball
2-0: Called Strike
2-1: Ball
3-1: Called Strike
3-2: Ground out 5-3 (Groundball, 56, EV 88.1 MPH)
J.P. Olson to second
Batting: RHB Ike Trout 0-0: Called Strike
0-1: Foul Ball, location: 2F
0-2: Foul Ball, location: 2F
0-2: Ball
1-2: Ball
2-2: Ball
3-2: SINGLE (Groundball, 6D, EV 104.4 MPH)
J.P. Olson to third
Runner from 3rd tries for Home, SAFE, throw by LF to home
Batting: RHB Jose Ramos 0-0: Ball
1-0: Called Strike
1-1: Called Strike
1-2: Fielders Choice at 2nd, 5-4 (Groundball, 56, EV 92.5 MPH)
Top of the 3rd over - 1 run, 2 hits, 0 errors, 1 left on base; Rome 1 - Salem-Keizer 0
BOTTOM OF THE 3RD
Salem-Keizer Volcanoes batting - Pitching for Rome Braves : RHP Brendan Graham
Batting: RHB Willie Sanchez 0-0: Ground out 5-3 (Groundball, 5L, EV 108.8 MPH)
Batting: RHB Ryan Johnston 0-0: Ball
1-0: Ground out 5-3 (Groundball, 56S, EV 85.0 MPH)
Batting: RHB Danny Gallo 0-0: Called Strike
0-1: Foul Ball, location: 2F
0-2: Ball
1-2: Strikes out swinging
Bottom of the 3rd over - 0 runs, 0 hits, 0 errors, 0 left on base; Rome 1 - Salem-Keizer 0
TOP OF THE 4TH
Rome Braves batting - Pitching for Salem-Keizer Volcanoes : LHP Matt Bagnall
Batting: LHB Mike Tenorio 0-0: Ball
1-0: Called Strike
1-1: Ball
2-1: Foul Ball, location: 2F
2-2: Foul Ball, location: 2F
2-2: DOUBLE (Flyball, 8RXD, EV 94.4 MPH)
Batting: RHB Alex Velasquez 0-0: Foul Ball, location: 2F
0-1: Ball
1-1: Ground out 1-3 (Groundball, 15S, EV 66.3 MPH)
Batting: RHB Tim Molchan 0-0: Foul Ball, location: 2F
0-1: Ball
1-1: Ball
2-1: Ball
3-1: Base on Balls
Batting: LHB Javier Rubio 0-0: Ball
Wild Pitch!
Mike Tenorio to third
Tim Molchan to second
1-0: Fly out, F8 (Flyball, 8LS, EV 69.4 MPH)
Batting: LHB Joe Phillips 0-0: Called Strike
0-1: Swinging Strike
0-2: Strikes out swinging
Top of the 4th over - 0 runs, 1 hit, 0 errors, 2 left on base; Rome 1 - Salem-Keizer 0
BOTTOM OF THE 4TH
Salem-Keizer Volcanoes batting - Pitching for Rome Braves : RHP Brendan Graham
Batting: RHB Bill Defazio 0-0: Ball
1-0: Foul Ball, location: 2F
1-1: Foul Ball, location: 2F
1-2: Foul Ball, location: 2F
1-2: Strikes out swinging
Batting: LHB Gil Caraveo 0-0: Ball
1-0: Called Strike
1-1: Foul Ball, location: 2F
1-2: Ball
2-2: SINGLE (Groundball, 6D, EV 100.0 MPH)
Batting: LHB Ryan Anderson 0-0: Called Strike
0-1: Called Strike
0-2: Ball
Gil Caraveo steals 2nd base
1-2: Foul Ball, location: 2F
1-2: Foul Ball, location: 2F
1-2: Foul Ball, location: 2F
1-2: Foul Ball, location: 2F
1-2: SINGLE (Line Drive, 56, EV 97.5 MPH)
Gil Caraveo to third
Batting: RHB Justin Layton 0-0: Called Strike
0-1: Called Strike
0-2: Ball
1-2: Strikes out swinging
Batting: RHB Ryan Bentz 0-0: Ball
1-0: Swinging Strike
Passed Ball!
Gil Caraveo scores
Ryan Anderson to second
1-1: Swinging Strike
1-2: Ball
Passed Ball!
Ryan Anderson to third
2-2: Foul Ball, location: 2F
2-2: Ball
3-2: Strikes out swinging
Bottom of the 4th over - 1 run, 2 hits, 0 errors, 1 left on base; Rome 1 - Salem-Keizer 1
TOP OF THE 5TH
Rome Braves batting - Pitching for Salem-Keizer Volcanoes : LHP Matt Bagnall
Batting: LHB J.P. Olson 0-0: Ball
1-0: Foul Ball, location: 2F
1-1: Foul Ball, location: 2F
1-2: Ball
2-2: Ground out 4-3 (Groundball, 4, EV 84.4 MPH)
Batting: RHB Brandon Burrell 0-0: Fly out, F7 (Flyball, 7LS, EV 84.4 MPH)
Batting: RHB Ike Trout 0-0: Ball
1-0: Ball
2-0: Ball
3-0: Base on Balls
Batting: RHB Jose Ramos 0-0: Ball
1-0: Ball
2-0: Called Strike
2-1: Fielders Choice at 2nd, 6-4 (Groundball, 6, EV 101.3 MPH)
Top of the 5th over - 0 runs, 0 hits, 0 errors, 1 left on base; Rome 1 - Salem-Keizer 1
BOTTOM OF THE 5TH
Salem-Keizer Volcanoes batting - Pitching for Rome Braves : RHP Brendan Graham
Pitching: RHP Marvin Rosas
Batting: RHB Alfredo Lemus 0-0: Foul Ball, location: 2F
0-1: Ball
1-1: Foul Ball, location: 2F
1-2: Foul Ball, location: 2F
1-2: TRIPLE (Flyball, 78XD, EV 94.4 MPH)
Batting: RHB Willie Sanchez 0-0: Ball
1-0: Fly out, F9 (Line Drive, 9, EV 90.6 MPH)
Batting: RHB Ryan Johnston 0-0: Ball
1-0: Ball
2-0: Ball
3-0: Base on Balls
Batting: RHB Danny Gallo 0-0: Called Strike
0-1: Ball
Ryan Johnston is caught stealing 2nd base 2-4
1-1: Swinging Strike
1-2: SINGLE (Line Drive, 4M, EV 95.0 MPH)
Alfredo Lemus scores
Batting: RHB Bill Defazio 0-0: Ball
Danny Gallo steals 2nd base
1-0: Called Strike
1-1: Ball
2-1: Foul Ball, location: 2F
2-2: Ball
3-2: Ground out U3 (Groundball, 34, EV 93.1 MPH)
Bottom of the 5th over - 1 run, 2 hits, 0 errors, 1 left on base; Rome 1 - Salem-Keizer 2
TOP OF THE 6TH
Rome Braves batting - Pitching for Salem-Keizer Volcanoes : LHP Matt Bagnall
Batting: LHB Mike Tenorio 0-0: Ball
1-0: Called Strike
1-1: Foul Ball, location: 2F
1-2: Strikes out looking
Pitching: RHP Damian Molina
Batting: RHB Alex Velasquez 0-0: Swinging Strike
0-1: Ball
1-1: Ground out 6-3 (Groundball, 56D, EV 111.9 MPH)
Batting: RHB Tim Molchan 0-0: Ball
1-0: Ball
2-0: Foul Ball, location: 2F
2-1: Ball
3-1: Base on Balls
Batting: LHB Javier Rubio 0-0: Called Strike
0-1: Called Strike
0-2: Foul Ball, location: 2F
0-2: Ball
1-2: Fielders Choice at 2nd, 6-4 (Groundball, 6D, EV 105.6 MPH)
Top of the 6th over - 0 runs, 0 hits, 0 errors, 1 left on base; Rome 1 - Salem-Keizer 2
BOTTOM OF THE 6TH
Salem-Keizer Volcanoes batting - Pitching for Rome Braves : RHP Marvin Rosas
Batting: LHB Gil Caraveo 0-0: Ball
1-0: Foul Ball, location: 2F
1-1: DOUBLE (Flyball, 8LD, EV 110.6 MPH)
Batting: LHB Ryan Anderson 0-0: Ball
1-0: Ground out 1-3 (Groundball, 13S, EV 68.1 MPH)
Gil Caraveo to third
Batting: RHB Justin Layton 0-0: Fly out, F9 (Line Drive, 9, EV 85.6 MPH)
Batting: RHB Ryan Bentz 0-0: Ground out 6-3 (Groundball, 56, EV 91.9 MPH)
Bottom of the 6th over - 0 runs, 1 hit, 0 errors, 1 left on base; Rome 1 - Salem-Keizer 2
TOP OF THE 7TH
Rome Braves batting - Pitching for Salem-Keizer Volcanoes : RHP Damian Molina
Pitching: RHP Vicente Burger
Batting: LHB Joe Phillips 0-0: Called Strike
0-1: Fly out, F9 (Flyball, 9D, EV 103.8 MPH)
Batting: LHB J.P. Olson 0-0: Swinging Strike
0-1: Swinging Strike
0-2: Ball
1-2: Strikes out swinging, 2-3 out at first.
Batting: RHB Brandon Burrell 0-0: Ball
1-0: Called Strike
1-1: Foul Ball, location: 2F
1-2: Strikes out looking
Top of the 7th over - 0 runs, 0 hits, 0 errors, 0 left on base; Rome 1 - Salem-Keizer 2
BOTTOM OF THE 7TH
Salem-Keizer Volcanoes batting - Pitching for Rome Braves : RHP Marvin Rosas
Pitching: RHP Dan Spahn
Batting: RHB Alfredo Lemus 0-0: Ground out 6-3 (Groundball, 6S, EV 73.8 MPH)
Batting: RHB Willie Sanchez 0-0: Reached on error, E5 (Groundball, 56, EV 93.8 MPH)
Batting: RHB Ryan Johnston 0-0: Ball
1-0: Swinging Strike
1-1: Ball
2-1: Fielders Choice at 2nd, 4-6 (Groundball, 4M, EV 106.9 MPH)
Batting: RHB Danny Gallo 0-0: Called Strike
0-1: Ball
1-1: Ball
2-1: Called Strike
2-2: Foul Ball, location: 2F
2-2: Foul Ball, location: 2F
2-2: SINGLE (Groundball, 56D, EV 98.8 MPH)
Ryan Johnston to second
Batting: RHB Bill Defazio 0-0: Ball
1-0: Called Strike
1-1: Foul Ball, location: 2F
1-2: Fly out, F8 (Line Drive, 8LD, EV 89.4 MPH)
Bottom of the 7th over - 0 runs, 1 hit, 1 error, 2 left on base; Rome 1 - Salem-Keizer 2
TOP OF THE 8TH
Rome Braves batting - Pitching for Salem-Keizer Volcanoes : RHP Vicente Burger
Batting: RHB Ike Trout 0-0: Called Strike
0-1: Fly out, F7 (Flyball, 7LM, EV 91.9 MPH)
Batting: RHB Jose Ramos 0-0: Ball
1-0: Called Strike
1-1: Ball
2-1: Ball
3-1: Base on Balls
Batting: LHB Mike Tenorio 0-0: Ball
1-0: Ball
2-0: Ball
3-0: Called Strike
3-1: Swinging Strike
3-2: Base on Balls
Jose Ramos to second
Batting: RHB Alex Velasquez 0-0: Ball
1-0: Ball
2-0: Fielders Choice at 2nd, 4-6 (Groundball, 4, EV 100.0 MPH)
Jose Ramos to third
Pitching: RHP Chase Joy
Batting: RHB Tim Molchan 0-0: Ball
1-0: Ball
2-0: Ball
3-0: Base on Balls
Alex Velasquez to second
Batting: LHB Javier Rubio 0-0: Ball
1-0: Ball
2-0: Ball
3-0: Called Strike
3-1: Foul Ball, location: 2F
3-2: Fly out, F9 (Flyball, 9S, EV 91.9 MPH)
Top of the 8th over - 0 runs, 0 hits, 0 errors, 3 left on base; Rome 1 - Salem-Keizer 2
BOTTOM OF THE 8TH
Salem-Keizer Volcanoes batting - Pitching for Rome Braves : RHP Dan Spahn
Pitching: RHP Omar Orosco
Batting: LHB Gil Caraveo 0-0: Ball
1-0: Foul Ball, location: 2F
1-1: Called Strike
1-2: Foul Ball, location: 2F
1-2: Ball
2-2: Ball
3-2: Strikes out swinging
Batting: LHB Ryan Anderson 0-0: Ball
1-0: Ball
2-0: Ball
3-0: Called Strike
3-1: SINGLE (Groundball, 3D, EV 100.0 MPH)
Batting: RHB Justin Layton 0-0: Called Strike
0-1: Ball
1-1: Ball
2-1: Foul Ball, location: 2F
2-2: Ball
3-2: Fielders Choice at 2nd, 5-4 (Groundball, 56, EV 107.5 MPH)
Batting: RHB Ryan Bentz Pickoff Throw to First - Out! 1-3
Bottom of the 8th over - 0 runs, 1 hit, 0 errors, 0 left on base; Rome 1 - Salem-Keizer 2
TOP OF THE 9TH
Rome Braves batting - Pitching for Salem-Keizer Volcanoes : RHP Chase Joy
Batting: LHB Joe Phillips 0-0: Called Strike
0-1: Called Strike
0-2: Strikes out swinging
Batting: LHB J.P. Olson 0-0: Ground out 4-3 (Groundball, 4, EV 85.6 MPH)
Batting: RHB Brandon Burrell 0-0: Swinging Strike
0-1: Ground out 4-3 (Groundball, 4S, EV 68.8 MPH)
Top of the 9th over - 0 runs, 0 hits, 0 errors, 0 left on base; Rome 1 - Salem-Keizer 2
Thursday, March 31st , 2022 - OOTP Baseball 22.12 Build 89